 Dungeon Crawl Stone Soup version 0.27.1-33-g824d729ab1 (webtiles) character file.

Game seed: 9112012336149465152

14 jlumianski the Shield-Bearer (level 2, -2/19 HPs)
             Began as a Gargoyle Fighter on Dec 5, 2021.
             Slain by an adder (3 damage)
             ... on level 1 of the Dungeon.
             The game lasted 00:00:49 (273 turns).

jlumianski the Shield-Bearer (Gargoyle Fighter)      Turns: 273, Time: 00:00:50

Health: -2/19      AC: 12    Str: 19    XL:     2   Next: 45%
Magic:  2/2        EV:  5    Int:  8    God:
Gold:   50         SH:  9    Dex:  9    Spells: 1/1 levels left

rFire    . . .     SeeInvis .   a - +0 war axe
rCold    . . .     Faith    .   c - +0 kite shield
rNeg     + . .     Spirit   .   f - +0 chain mail
rPois    ∞         Reflect  .   (no helmet)
rElec    +         Harm     .   (no cloak)
rCorr    .         Rampage  .   (no gloves)
Will     .....                  (no boots)
Stlth    ..........             (no amulet)
HPRegen  0.06/turn              (no ring)
MPRegen  0.08/turn              (no ring)

@: mighty
A: sickness immunity, AC +2, negative energy resistance 1, electricity
resistance, torment resistance 1, petrification resistance
a: no special abilities


You were on level 1 of the Dungeon.
You visited 1 branch of the dungeon, and saw 2 of its levels.

You collected 50 gold pieces.

Inventory:

Hand Weapons
 a - a +0 war axe (weapon)
Missiles
 e - 20 stones (quivered)
Armour
 b - a +0 scale mail
 c - a +0 kite shield (worn)
 f - a +0 chain mail (worn)
Scrolls
 g - a scroll of blinking {unknown}


   Skills:
 + Level 3.5 Fighting
 + Level 1.9 Axes
 + Level 3.5 Armour
 + Level 3.5 Shields


You had one spell level left.
You didn't know any spells.
Your spell library was empty.

Dungeon Overview and Level Annotations

Branches:
Dungeon (2/15)

Altars:


Innate Abilities, Weirdness & Mutations

You are immune to sickness and miasma.
Your stone body is resilient. (AC +2)
You are immune to poison.
You resist negative energy. (rN+)
You are resistant to electric shocks. (rElec)
You are resistant to unholy torment.
You are immune to petrification.


Message History

The ball python bites you but does no damage.
The ball python grabs you.
You stop ascending the stairs.
The ball python constricts you.
Unknown command.
You closely miss the adder. You closely miss the ball python.
The adder bites you but does no damage. The ball python loses its grip on you.
The adder barely misses you.
You closely miss the adder. x2; The adder bites you but does no damage. x2
You block the adder's attack. The adder completely misses you.
The adder bites you.
You block the adder's attack. x2; The adder bites you.
You climb upwards.
There is a stone staircase leading down, spattered with blood here.
You see here a hobgoblin corpse.
You slash the adder!
You kill the adder!
You barely miss the adder. The adder bites you but does no damage.
You block the adder's attack.
You have reached level 2!
You closely miss the adder. The adder bites you but does no damage.
The adder barely misses you.
You closely miss the adder. The adder bites you but does no damage.
The adder bites you.
You miss the adder. The adder bites you but does no damage.
The adder barely misses you.
You closely miss the adder. The adder bites you but does no damage.
You block the adder's attack.
Your shield and chain mail prevent you from hitting the adder.
The adder bites you but does no damage. x2; The adder completely misses you.
You closely miss the adder. The adder bites you.
* * * LOW HITPOINT WARNING * * *
You block the adder's attack.
You barely miss the adder. You block the adder's attack. The adder bites you.
* * * LOW HITPOINT WARNING * * *
You miss the adder.
The adder bites you but does no damage. x2
You barely miss the adder. The adder bites you but does no damage.
You block the adder's attack.
You feel very mighty all of a sudden. The adder bites you but does no damage.
You closely miss the adder. The adder bites you.
You die...

#.# #.#.# ##.## #.#$#### #....
#......#######'### ...
#####+#......+..#≈≈≈≈≈≈≈ ....
#............##.#≈#≈<≈#≈ ....
#............##.#≈#≈###≈ .....
##............##.#≈≈≈≈≈≈#
.....##.......@.....##.#######≈
.............S#......#.'..#≈≈≈#
..............#.....##.#.##≈##≈
..............#######..#....##.
.....##.......# #.########'
##### #.####### #.# ####.. #.#
####.# #..... #†# #....# #.####
#.# #.##.# #.####


You could see an adder.

Vanquished Creatures
  An adder (D:1)
  A hobgoblin (D:1)
  3 jackals (D:1)
5 creatures vanquished.

Notes
Turn   | Place    | Note
-------+----------+-------------------------------------------
     0 | D:1      | jlumianski the Gargoyle Fighter began the quest for the
                  | Orb.
     0 | D:1      | Reached XP level 1. HP: 14/14 MP: 1/1
   263 | D:1      | Reached XP level 2. HP: 9/19 MP: 2/2
   273 | D:1      | Slain by an adder

Illustrated notes

Levels and vault maps discovered:
D:1:      ncdulo_wetmaze, layout_basic, minmay_stone_trees_small
D:2:      layout_rooms

Action                   || total
-------------------------++-------
Melee: War axe           ||    28
  Use: Potion            ||     1
Armor: Chain mail        ||    31
Dodge: Dodged            ||     8
Block: Kite shield       ||    22
